[Event "ICCopen2016"]
[Site "Internet Chess Club"]
[Date "2016.06.04"]
[Round "9"]
[White "Freedoom"]
[Black "Pschaak"]
[Result "1-0"]
[ICCResult "Black forfeits on time"]
[WhiteElo "1915"]
[BlackElo "1722"]
[Opening "Caro-Kann defense"]
[ECO "B10"]
[NIC "CK.01"]
[Time "15:33:05"]
[TimeControl "180+0"]

1. e4 c6 2. Nf3 d5 3. exd5 cxd5 4. d4 Nc6 5. c4 Nf6 6. Nc3 Bg4 7. Bf4 e6 8.
c5 Bxf3 9. gxf3 a6 10. Qd2 Be7 11. Rb1 Nh5 12. Be3 Bf6 13. Be2 g6 14. f4 Ng7
15. Bg4 h5 16. Bh3 Qe7 17. b4 O-O 18. O-O Kh7 19. Kh1 Rad8 20. a4 Nf5 21.
Ne2 Nh6 22. b5 Nb8 23. Rfc1 Qd7 24. Qc3 Rc8 25. Rc2 Rc7 26. Bf1 Rfc8 27. Qb4
Nf5 28. Nc1 Nxe3 29. fxe3 g5 30. Nd3 g4 31. Ne5 Bxe5 32. fxe5 Rg8 33. Bd3+
Kh6 34. Rg1 Qe7 35. e4 dxe4 36. Bxe4 Rd7 37. c6 Qxb4 38. cxd7 Qxd4 39. Bxb7
axb5 40. axb5 Nxd7 41. h3 Nxe5 42. Rcg2 Qd3 43. Rg3 Qe2 44. R1g2 Qe1+ 45.
Rg1 Qe2 46. R1g2 Qe1+ 47. Kh2 Nf3+ 48. Bxf3 gxf3 49. Rxg8 fxg2 50. Rxg2
{Black forfeits on time}
1-0

[Event "ICCopen2016"]
[Site "Internet Chess Club"]
[Date "2016.06.04"]
[Round "9"]
[White "toktok"]
[Black "TZ700A"]
[Result "0-1"]
[ICCResult "White forfeits on time"]
[WhiteElo "1661"]
[BlackElo "1377"]
[Opening "Scotch: Göring gambit"]
[ECO "C44"]
[NIC "SO.06"]
[Time "15:33:15"]
[TimeControl "180+0"]

1. e4 e5 2. Nf3 Nc6 3. d4 exd4 4. c3 d6 5. Bc4 Ne5 6. Nxe5 dxe5 7. Qb3 Qf6
8. O-O Be7 9. f4 exf4 10. Rxf4 Qh6 11. Bxf7+ Kd8 12. Na3 Bg5 13. Qd5+ Bd7
14. Rf1 Bxc1 15. Raxc1 Nf6 16. Qxb7 Rc8 17. cxd4 Ng4 18. h3 Ne3 19. Rf2 Nxg2
20. Rxg2 Qxc1+ 21. Kh2 Qf4+ 22. Kg1 Qxf7 23. Nc4 Qxc4 24. Qxa7 Bxh3 25. Rf2
Qc1+ 26. Kh2 Bg4 27. Qa5 Qh6+ 28. Kg2 Qh3+ 29. Kg1 Qg3+ 30. Kf1 Bh3+ 31. Ke1
Qe3+ {White forfeits on time} 0-1

[Event "ICCopen2016"]
[Site "Internet Chess Club"]
[Date "2016.06.04"]
[Round "9"]
[White "Taechess"]
[Black "leonardoalmeida"]
[Result "0-1"]
[ICCResult "White checkmated"]
[WhiteElo "1282"]
[BlackElo "1738"]
[Opening "Scandinavian (center counter) defense"]
[ECO "B01"]
[NIC "SD.01"]
[Time "15:34:12"]
[TimeControl "180+0"]

1. e4 d5 2. exd5 Qxd5 3. Nc3 Qa5 4. d4 c6 5. Nf3 Bg4 6. Be2 e6 7. O-O Nf6 8.
Be3 Nbd7 9. h3 Bh5 10. Qd2 Qc7 11. Bf4 Bd6 12. Bxd6 Qxd6 13. Rad1 O-O 14.
Ng5 Bxe2 15. Qxe2 Rad8 16. Nge4 Nxe4 17. Nxe4 Qc7 18. Qg4 f5 19. Qg3 Qxg3
20. Nxg3 Rfe8 21. Rfe1 Nf6 22. c3 Rd6 23. Ne2 e5 24. dxe5 Rxd1 25. Rxd1 Rxe5
26. Rd8+ Kf7 27. Nd4 g6 28. Rc8 Re7 29. f4 Nd5 30. g3 a6 31. Kf2 Nb6 32. Rd8
Nc4 33. b3 Nd2 34. c4 Ne4+ 35. Kf3 h5 36. g4 hxg4+ 37. hxg4 fxg4+ 38. Kxg4
Nc3 39. a3 Nb1 40. Nc2 Nc3 41. Rd3 Ne4 42. Re3 Nc5 43. b4 Ne6 44. f5 gxf5+
45. Kxf5 Nd4+ 46. Kg5 Nxc2 47. Rf3+ Ke8 48. Rd3 Rd7 49. Rf3 Kd8 50. Kf6 Kc7
51. Ke6 Nd4+ 52. Ke5 Nxf3+ 53. Kf4 Rd3 54. Kg3 Rxa3 55. Kg4 Rc3 56. Kh5 Rxc4
57. Kh6 Rxb4 58. Kg6 Rd4 59. Kg7 c5 60. Kh7 c4 61. Kg8 c3 62. Kg7 c2 63. Kh7
c1=Q 64. Kh8 Kb6 65. Kg8 Qc6 66. Kg7 Rd7+ 67. Kg8 Qc8# {White checkmated}
0-1

[Event "ICCopen2016"]
[Site "Internet Chess Club"]
[Date "2016.06.04"]
[Round "9"]
[White "BlueGoose"]
[Black "Chaos23"]
[Result "0-1"]
[ICCResult "White resigns"]
[WhiteElo "1696"]
[BlackElo "1930"]
[Opening "Old Indian defense"]
[ECO "A42"]
[NIC "OI.07"]
[Time "15:34:01"]
[TimeControl "180+0"]

1. d4 d6 2. c4 Nd7 3. Nc3 e5 4. e3 g6 5. Nf3 Bg7 6. g3 c6 7. Bg2 Qe7 8. O-O
Ngf6 9. b4 O-O 10. a4 Ne8 11. b5 e4 12. Nd2 f5 13. a5 c5 14. a6 b6 15. f3
cxd4 16. Nd5 Qf7 17. Bb2 dxe3 18. Bxg7 Qxg7 19. Nxe3 exf3 20. Nxf3 Ndf6 21.
Nd4 Ne4 22. Nd5 Bd7 23. Qc2 Qxd4+ 24. Kh1 Rc8 25. Ne7+ Kg7 26. Nxc8 Bxc8 27.
Rae1 N8f6 28. g4 Nxg4 29. Bxe4 fxe4 30. Rxf8 Kxf8 31. Rxe4 Nf2+ {White
resigns} 0-1

[Event "ICCopen2016"]
[Site "Internet Chess Club"]
[Date "2016.06.04"]
[Round "9"]
[White "e8thatcat"]
[Black "blackending"]
[Result "0-1"]
[ICCResult "White forfeits on time"]
[WhiteElo "1404"]
[BlackElo "1690"]
[Opening "King's Indian: orthodox, 7...Nbd7"]
[ECO "E94"]
[NIC "KI.12"]
[Time "15:33:38"]
[TimeControl "180+0"]

1. d4 Nf6 2. Nf3 g6 3. c4 Bg7 4. Nc3 d6 5. e4 O-O 6. Be2 Nbd7 7. O-O e5 8.
d5 Nc5 9. Qc2 a5 10. Nd2 Nfd7 11. Nb3 a4 12. Nxc5 Nxc5 13. Be3 b6 14. Bxc5
bxc5 15. f3 f5 16. Nxa4 fxe4 17. fxe4 Bd7 18. Nc3 Qg5 19. Qc1 Rxf1+ 20. Kxf1
Rf8+ 21. Kg1 Qh4 22. Qe1 Qf4 23. Bf3 Bg4 24. Bxg4 Qxg4 25. a4 Bf6 26. a5 Bh4
27. Qe2 Qg5 28. a6 Rf2 29. Qxf2 Bxf2+ 30. Kf1 Qd2 31. a7 Qxb2 32. a8=Q+ Kg7
33. Ne2 Be3 {White forfeits on time} 0-1

[Event "ICCopen2016"]
[Site "Internet Chess Club"]
[Date "2016.06.04"]
[Round "9"]
[White "Tova77"]
[Black "florish"]
[Result "0-1"]
[ICCResult "White forfeits on time"]
[WhiteElo "1651"]
[BlackElo "1961"]
[Opening "Robatsch defense: Pseudo-Austrian attack"]
[ECO "B07"]
[NIC "VO.17"]
[Time "15:33:46"]
[TimeControl "180+0"]

1. e4 d6 2. d4 g6 3. Nc3 Bg7 4. f4 c6 5. Nf3 Nf6 6. Bd3 Bg4 7. O-O O-O 8. h3
Bxf3 9. Qxf3 Qb6 10. e5 Nfd7 11. Be3 d5 12. Ne2 e6 13. b3 a5 14. c4 Na6 15.
g4 dxc4 16. Bxc4 Qd8 17. f5 exf5 18. gxf5 Nb6 19. Bd3 Nd5 20. Bd2 Qh4 21. f6
Bh6 22. Bxh6 Qxh6 23. Kh2 Nab4 24. Bc4 b5 25. Bxd5 Nxd5 26. Nf4 Nxf4 27.
Qxf4 Qxf4+ 28. Rxf4 a4 29. Rc1 axb3 30. axb3 Ra2+ 31. Kg3 Rb2 32. Rc3 Rd8
33. Kf3 b4 34. Rd3 c5 35. Ke4 cxd4 36. Rff3 Re2+ {White forfeits on time}
0-1

[Event "ICCopen2016"]
[Site "Internet Chess Club"]
[Date "2016.06.04"]
[Round "9"]
[White "Maxbet"]
[Black "Imperator15"]
[Result "1-0"]
[ICCResult "Black resigns"]
[WhiteElo "2923"]
[BlackElo "2865"]
[Opening "King's Indian: fianchetto, lesser Simagin (Spassky) variation"]
[ECO "A49"]
[NIC "KI.79"]
[Time "15:33:51"]
[TimeControl "180+0"]

1. d4 Nf6 2. Nf3 g6 3. g3 Bg7 4. Bg2 O-O 5. O-O d6 6. c4 Bf5 7. Nc3 Nc6 8.
Ne1 e5 9. d5 Ne7 10. e4 Bd7 11. Nd3 Ng4 12. h3 Nh6 13. f4 f6 14. fxe5 fxe5
15. Be3 Nf7 16. Qd2 Kh8 17. c5 Ng8 18. Rf2 Bh6 19. Raf1 Qe7 20. b4 a6 21. a4
Bxe3 22. Qxe3 Kg7 23. a5 Ng5 24. Kh2 h5 25. Nb2 Rxf2 26. Rxf2 Nf6 27. Nc4
Rh8 28. Qd2 Bxh3 29. Bxh3 Ng4+ 30. Bxg4 hxg4+ 31. Kg2 Nf3 32. Rxf3 gxf3+ 33.
Kxf3 Rh1 34. Ne3 Qf6+ 35. Kg2 Ra1 36. cxd6 cxd6 37. Ncd1 Ra3 38. Nf2 Qg5 39.
Nfg4 Kf7 40. Qf2+ Ke7 41. Nc4 Rc3 42. Nge3 Qh5 43. Qd2 Ra3 44. Nxa3
{Black resigns}
1-0

[Event "ICCopen2016"]
[Site "Internet Chess Club"]
[Date "2016.06.04"]
[Round "9"]
[White "pagoda"]
[Black "Soydemadera"]
[Result "0-1"]
[ICCResult "White checkmated"]
[WhiteElo "1907"]
[BlackElo "2440"]
[Opening "Pirc defense"]
[ECO "B07"]
[NIC "PU.07"]
[Time "15:34:12"]
[TimeControl "180+0"]

1. Nc3 Nf6 2. e4 d6 3. d4 g6 4. Be3 Bg7 5. f3 c6 6. Qd2 b5 7. O-O-O a5 8.
Kb1 Ba6 9. Nce2 h5 10. Nc1 Nbd7 11. h3 Qc7 12. Nge2 b4 13. Nf4 Bxf1 14.
Rdxf1 O-O 15. g4 e5 16. Nfe2 Nb6 17. b3 exd4 18. Nxd4 c5 19. Nb5 Qc6 20.
Nxd6 Rfd8 21. e5 Nfd5 22. f4 a4 23. gxh5 axb3 24. cxb3 Nc3+ 25. Ka1 Nc8 26.
hxg6 fxg6 27. Rhg1 Nxd6 28. Rxg6 Qe4 29. Qd3 Qxd3 30. Nxd3 Rxa2#
{White checkmated}
0-1

[Event "ICCopen2016"]
[Site "Internet Chess Club"]
[Date "2016.06.04"]
[Round "9"]
[White "rovov"]
[Black "dafresh"]
[Result "1-0"]
[ICCResult "Black forfeits on time"]
[WhiteElo "1809"]
[BlackElo "2165"]
[Opening "English opening"]
[ECO "A05"]
[NIC "QP.11"]
[Time "15:33:05"]
[TimeControl "180+0"]

1. Nf3 Nf6 2. c4 e6 3. e3 b6 4. b3 Bb7 5. Bb2 Be7 6. Be2 O-O 7. O-O c5 8. d4
cxd4 9. Nxd4 a6 10. Bf3 Qc7 11. Bxb7 Qxb7 12. Qf3 Qxf3 13. Nxf3 Nc6 14. Nc3
Rab8 15. Rfd1 Rfd8 16. e4 b5 17. cxb5 axb5 18. e5 Ne8 19. Ne4 Nc7 20. Nd6
Nd5 21. Rac1 f6 22. Ne4 f5 23. Nc5 Bxc5 24. Rxc5 b4 25. Rd2 Ra8 26. Ba1 Ra6
27. Re2 Rda8 28. Rcc2 h6 29. Nd4 Nxd4 30. Bxd4 Kf7 31. g3 g5 32. Kg2 g4 33.
f4 h5 34. Bc5 Nc3 35. Red2 Ke8 36. Bxb4 Ne4 37. Re2 Rb6 38. Bc5 Rc6 39. Bf2
Rac8 40. Rxc6 Rxc6 41. b4 Rc1 42. Rb2 Nc3 43. b5 Nxb5 44. Rxb5 Ke7 45. a4
Ra1 46. Ra5 Ra2 47. Ra8 h4 48. gxh4 Ra3 49. a5 Ra2 50. a6 Kf7 51. a7 Kg7 52.
Rd8 g3 53. hxg3 Rxa7 54. Bxa7 d6 55. Rd7+ Kg6 56. Rxd6 Kh6 57. Rxe6+ Kg7 58.
Rf6 Kh7 59. Rxf5 Kg7 60. e6 Kg6 61. e7 Kxf5 62. e8=Q Kf6 63. Qf8+ Kg6 64.
Qe8+ {Black forfeits on time} 1-0

[Event "ICCopen2016"]
[Site "Internet Chess Club"]
[Date "2016.06.04"]
[Round "9"]
[White "SPARNALIQ"]
[Black "Danya"]
[Result "1-0"]
[ICCResult "Black resigns"]
[WhiteElo "2940"]
[BlackElo "3026"]
[Opening "Ruy Lopez: closed, Keres (...Nd7) defense"]
[ECO "C96"]
[NIC "RL.23"]
[Time "15:33:35"]
[TimeControl "180+0"]

1. e4 e5 2. Nf3 Nc6 3. Bb5 a6 4. Ba4 Nf6 5. O-O Be7 6. Re1 b5 7. Bb3 d6 8.
c3 O-O 9. h3 Na5 10. Bc2 c5 11. d4 Nd7 12. d5 c4 13. Nbd2 g6 14. b4 cxb3 15.
axb3 Nb7 16. b4 Nb6 17. Nf1 Bf6 18. Bd3 Bd7 19. Ng3 a5 20. Qe2 Nc4 21. Bxc4
bxc4 22. Bh6 Re8 23. Qxc4 Qc8 24. Qd3 Qc7 25. Bd2 Rec8 26. Nf1 Qb6 27. Ne3
axb4 28. cxb4 Bb5 29. Qb3 Ba6 30. Ng4 Bg7 31. Rac1 Nc5 32. Qe3 Na4 33. Nh6+
Kf8 34. Qg5 Nb2 35. Qh4 Nd3 36. Rxc8+ Rxc8 37. Rd1 Qd8 38. Ng5 Rc2 39. Nhxf7
Qe7 40. Qxh7 Qf6 41. Be3 Nxf2 42. Nd8 Nxd1 43. Nde6+ Ke7 44. Nf3 Nxe3 45.
Qg8 Rxg2+ 46. Kh1 Qxf3 47. Qd8+ Kf7 48. Qd7+ {Black resigns} 1-0

[Event "ICCopen2016"]
[Site "Internet Chess Club"]
[Date "2016.06.04"]
[Round "9"]
[White "Red-white"]
[Black "BilodeauA"]
[Result "1-0"]
[ICCResult "Black checkmated"]
[WhiteElo "3035"]
[BlackElo "2765"]
[Opening "Sicilian: Nimzovich-Rossolimo attack (without ...d6)"]
[ECO "B30"]
[NIC "SI.31"]
[Time "15:33:25"]
[TimeControl "180+0"]

1. e4 c5 2. Nf3 Nc6 3. Bb5 e6 4. Bxc6 bxc6 5. b3 Ne7 6. Bb2 d6 7. e5 Ng6 8.
O-O f6 9. exd6 Bxd6 10. d3 O-O 11. Nfd2 Qc7 12. Kh1 a5 13. Nc3 e5 14. Na4
Nf4 15. Ne4 Qe7 16. Ba3 Ne6 17. Qd2 f5 18. Nxd6 Qxd6 19. Nxc5 Nxc5 20. Qe3
Re8 21. Bxc5 Qd5 22. f3 f4 23. Qf2 a4 24. Rfe1 Bf5 25. Bb4 Re6 26. Bc3 Rae8
27. Re2 g5 28. Rae1 g4 29. fxg4 Bxg4 30. Re4 Bf5 31. Rxa4 Rg6 32. Ra5 c5 33.
Rxc5 Qb7 34. Rcxe5 Rxe5 35. Bxe5 Bh3 36. Rg1 h5 37. Bxf4 h4 38. a4 Bxg2+ 39.
Rxg2 h3 40. Bg3 Rf6 41. Bf4+ Kf7 42. Kg1 hxg2 43. Qe3 Re6 44. Be5 Qd5 45.
Qf4+ Ke8 46. d4 Qc6 47. Qf5 Re7 48. c4 Qh6 49. Kxg2 Qd2+ 50. Kf3 Qd1+ 51.
Ke4 Qc2+ 52. Kf4 Rf7 53. Bf6 Qf2+ 54. Ke5 Qe3+ 55. Kd6 Qh6 56. Qc8#
{Black checkmated}
1-0

[Event "ICCopen2016"]
[Site "Internet Chess Club"]
[Date "2016.06.04"]
[Round "9"]
[White "xvannix"]
[Black "oculis"]
[Result "0-1"]
[ICCResult "White checkmated"]
[WhiteElo "1724"]
[BlackElo "2397"]
[Opening "Old Benoni defense"]
[ECO "A43"]
[NIC "OI.09"]
[Time "15:33:33"]
[TimeControl "180+0"]

1. d4 c5 2. d5 e6 3. c4 exd5 4. cxd5 d6 5. Nc3 Be7 6. e4 Bf6 7. f4 Ne7 8.
Nf3 Ng6 9. Bd3 O-O 10. O-O Na6 11. a3 Nc7 12. Rb1 b6 13. Qe2 Re8 14. h3 a6
15. e5 dxe5 16. Bxg6 hxg6 17. fxe5 Nxd5 18. Nxd5 Qxd5 19. Bf4 Bb7 20. Rfd1
Qb3 21. Rd3 Qb5 22. Qe3 c4 23. Rd6 Be7 24. Rd2 Bc5 25. Nd4 Rad8 26. Rbd1 Qd7
27. Kh2 Qe7 28. Qg3 Rd5 29. Nf3 Red8 30. Rxd5 Rxd5 31. Rxd5 Bxd5 32. Bg5 Qd7
33. Qf4 b5 34. Nd4 Bb7 35. Nf3 Qc6 36. e6 Qxe6 37. Qb8+ Qc8 38. Qg3 Qf8 39.
Bf4 a5 40. Ng5 b4 41. Qh4 Qc8 42. Qh7+ Kf8 43. Qh8+ Ke7 44. Qxg7 Qf5 45. Bc1
Bd6+ 46. Kg1 Bc5+ 47. Kh2 Bd6+ 48. Kg1 Be5 49. Qg8 Bd4+ 50. Kh2 Qe5+ 51. Kh1
Qe1+ 52. Kh2 Bg1+ 53. Kh1 Bf2+ 54. Kh2 Qg1# {White checkmated} 0-1

[Event "ICCopen2016"]
[Site "Internet Chess Club"]
[Date "2016.06.04"]
[Round "9"]
[White "Nedwis"]
[Black "Peretyatko"]
[Result "0-1"]
[ICCResult "White forfeits on time"]
[WhiteElo "2874"]
[BlackElo "2777"]
[Opening "Réti opening"]
[ECO "A04"]
[NIC "QP.11"]
[Time "15:32:46"]
[TimeControl "180+0"]

1. Nf3 d6 2. d4 Nf6 3. c4 g6 4. Nc3 Bf5 5. Qb3 b6 6. c5 Bg7 7. e4 Be6 8. d5
Bg4 9. c6 Bxf3 10. gxf3 O-O 11. Be3 a5 12. a3 Na6 13. Bxa6 Rxa6 14. Qb5 Ra8
15. Bd4 Nh5 16. Bxg7 Kxg7 17. O-O-O e5 18. dxe6 fxe6 19. Kb1 Rxf3 20. Rhg1
Qh4 21. e5 d5 22. Nxd5 Qe4+ 23. Ka2 exd5 24. Rxd5 Raf8 25. Rd7+ R8f7 26.
Rgd1 Rxf2 27. Rxf7+ Rxf7 28. Rd7 Nf4 29. Qb3 Qf5 30. Qc4 Qe6 31. Kb3 a4+ 32.
Kb4 Qxc4+ 33. Kxc4 Kf8 34. Rd8+ Ke7 35. Rc8 Ke6 36. Kd4 Nd5 37. Re8+ Ne7 38.
Kc4 Rf5 39. Kb5 Rxe5+ 40. Ka6 Kd6 41. Kb7 Nxc6 42. Rh8 Re7 43. Ra8 b5 44.
Ra6 Kd5 45. Rxc6 Re2 46. Rxc7 Rxh2 47. Kb6 g5 48. Rd7+ Ke6 49. Rg7 Kf6 50.
Rg8 h5 51. Kxb5 g4 52. Kxa4 Kf5 53. b4 h4 54. b5 g3 55. Rf8+ Kg4 56. Rg8+
Kh3 57. b6 Rb2 58. Ka5 g2 59. Ka6 Kh2 60. a4 g1=Q 61. Rxg1 Kxg1 62. a5 h3
63. Kb7 h2 64. a6 h1=Q+ 65. Ka7 Qh7+ 66. b7 Qc7 67. Ka8 Rb6 68. Ka7 Rxa6+
69. Kxa6 Qb8 70. Kb6 Kf2 71. Kc6 Ke3 72. Kc5 Qxb7 73. Kd6 Qc8 74. Kd5 Qg8+
75. Kd6 Qg7 76. Kd5 Kf4 77. Ke6 Qe5+ 78. Kd7 Kf5 79. Kc6 Qf6+ 80. Kd7 Qf7+
81. Kc6 Qe6+ 82. Kc5 Qe4 83. Kd6 Kf6 84. Kd7 Qe6+ 85. Kc7 Qe7+ 86. Kc6 Qe4+
87. Kb5 Qe2+ 88. Ka5 Qd2+ 89. Kb6 Qd4+ 90. Ka6 Qe4 91. Ka7 Qe5 92. Ka6 Qe6+
{White forfeits on time}
0-1

[Event "ICCopen2016"]
[Site "Internet Chess Club"]
[Date "2016.06.04"]
[Round "9"]
[White "chigamaster"]
[Black "Eros"]
[Result "0-1"]
[ICCResult "White resigns"]
[WhiteElo "2958"]
[BlackElo "2752"]
[Opening "Sicilian defense"]
[ECO "B40"]
[NIC "SI.43"]
[Time "15:33:35"]
[TimeControl "180+0"]

1. e4 c5 2. Nf3 e6 3. g3 Nc6 4. Bg2 Nf6 5. Qe2 e5 6. O-O Be7 7. c3 O-O 8.
Rd1 d6 9. h3 Qb6 10. Na3 Be6 11. d3 Qa6 12. Bg5 h6 13. Bxf6 Bxf6 14. Nc4
Rad8 15. Nfd2 Rfe8 16. Ne3 Ne7 17. h4 g6 18. h5 Bg7 19. hxg6 fxg6 20. Nd5
Qc6 21. Qf3 Kh8 22. Nc4 Qc8 23. Nce3 Ng8 24. Qe2 Rf8 25. a4 Rde8 26. b4 h5
27. a5 Nh6 28. bxc5 Qxc5 29. Rab1 Rf7 30. d4 Qxa5 31. dxe5 dxe5 32. Nc4 Qc5
33. Nce3 Ng4 34. Rb5 Qc8 35. Rdb1 b6 36. Nxg4 Bxg4 37. Qa2 Ref8 38. Rf1 Qc6
39. Rbb1 Qc5 40. Ne3 Bc8 41. Rbd1 Bh6 42. Rd5 Qxc3 43. Nd1 Qc7 44. Qb2 Bg7
45. Ne3 Be6 46. Rc1 Qe7 47. Rc2 Bxd5 48. Nxd5 Qg5 49. Rc6 Rxf2 50. Qxf2 Rxf2
51. Kxf2 b5 52. Bh3 b4 53. Be6 Qd2+ 54. Kf3 Qd3+ 55. Kf2 Qxe4 56. Rc8+ Kh7
57. Ne7 Qb7 58. Re8 Qb6+ 59. Kg2 Qxe6 {White resigns} 0-1

[Event "ICCopen2016"]
[Site "Internet Chess Club"]
[Date "2016.06.04"]
[Round "9"]
[White "Sibelephant"]
[Black "majasystem"]
[Result "1-0"]
[ICCResult "Black checkmated"]
[WhiteElo "3075"]
[BlackElo "2181"]
[Opening "Ruy Lopez: Schliemann defense"]
[ECO "C63"]
[NIC "RL.06"]
[Time "15:34:58"]
[TimeControl "180+0"]

1. e4 e5 2. Nf3 Nc6 3. Bb5 f5 4. d3 Nf6 5. exf5 Bc5 6. Be3 Bb6 7. Bxc6 bxc6
8. Nxe5 O-O 9. O-O Nd5 10. Bxb6 axb6 11. Nd2 Rxf5 12. Nec4 Qh4 13. Ne3 Rf8
14. Nf3 Qb4 15. Nxd5 cxd5 16. b3 d4 17. Qe1 Qd6 18. Qe4 Ra5 19. Qxd4 Qg6 20.
Qc4+ Kh8 21. Qxc7 Rc5 22. Qg3 Qh5 23. Rae1 Bb7 24. Re5 Rxe5 25. Nxe5 d6 26.
Nc4 Rf6 27. Nxd6 Rg6 28. Nf7+ Kg8 29. Qb8+ Kxf7 30. Qxb7+ Kf6 31. Qxb6+ Kg5
32. Qc5+ Kh6 33. Qxh5+ Kxh5 34. a4 Rc6 35. c4 Kg5 36. b4 Kf5 37. b5 Rc8 38.
a5 Ke5 39. b6 Kd4 40. a6 Kc5 41. b7 Rd8 42. a7 Rxd3 43. b8=Q g5 44. a8=Q Rg3
45. Qd5# {Black checkmated} 1-0

[Event "ICCopen2016"]
[Site "Internet Chess Club"]
[Date "2016.06.04"]
[Round "9"]
[White "Alright2015"]
[Black "Parsifal"]
[Result "1-0"]
[ICCResult "Black forfeits on time"]
[WhiteElo "2137"]
[BlackElo "2332"]
[Opening "Réti opening"]
[ECO "A04"]
[NIC "QP.10"]
[Time "15:33:37"]
[TimeControl "180+0"]

1. Nf3 c5 2. b3 b6 3. e3 Bb7 4. c4 Nf6 5. g3 g6 6. Bb2 Bg7 7. Bg2 O-O 8. O-O
e6 9. Qe2 Qe7 10. Na3 d6 11. Rad1 a6 12. d3 b5 13. Ne1 Bxg2 14. Nxg2 Qb7 15.
g4 Nc6 16. g5 Nh5 17. Bxg7 Nxg7 18. Nb1 d5 19. Nc3 Ne7 20. e4 d4 21. Nb1
bxc4 22. bxc4 Rab8 23. Nd2 Qb2 24. a4 Qc2 25. Rc1 Qxa4 26. Ra1 Qc6 27. e5
Rb2 28. Rab1 Rfb8 29. Rxb2 Rxb2 30. Qd1 Ne8 31. Ne4 a5 32. Qa1 Rb8 33. Qxa5
Nf5 34. Qxc5 Qxc5 35. Nxc5 Nc7 36. Nd7 Rb3 37. Rd1 Kg7 38. Ne1 Na6 39. Nf6
Nb4 40. Ne8+ Kf8 41. Nd6 Ke7 42. Nc8+ {Black forfeits on time} 1-0

[Event "ICCopen2016"]
[Site "Internet Chess Club"]
[Date "2016.06.04"]
[Round "9"]
[White "PazificDreams"]
[Black "Last7Samurai"]
[Result "0-1"]
[ICCResult "White checkmated"]
[WhiteElo "2684"]
[BlackElo "2804"]
[Opening "QGD semi-Slav: 5...Nd7"]
[ECO "D45"]
[NIC "SL.08"]
[Time "15:33:36"]
[TimeControl "180+0"]

1. d4 d5 2. Nf3 Nf6 3. c4 c6 4. e3 e6 5. Nc3 Nbd7 6. b3 Bd6 7. Qc2 O-O 8.
Be2 e5 9. cxd5 cxd5 10. dxe5 Nxe5 11. Bb2 Nxf3+ 12. Bxf3 d4 13. exd4 Re8+
14. Ne2 Bg4 15. Bxg4 Nxg4 16. h3 Bb4+ 17. Kf1 Rc8 18. Qd3 Nf6 19. Bc3 Bd6
20. g3 Nd5 21. Bd2 Bb4 22. Kg2 Qf6 23. Rac1 Rcd8 24. Rc4 Bxd2 25. Qxd2 Qg6
26. Qc2 Rxe2 27. Qxg6 hxg6 28. a4 Rd2 29. Re1 f6 30. b4 Kf7 31. b5 Rd7 32.
a5 f5 33. Kf1 Rb2 34. Rc5 Nf6 35. f3 b6 36. axb6 axb6 37. Rc6 Rxb5 38. g4
fxg4 39. hxg4 g5 40. Kf2 Rxd4 41. Rc7+ Rd7 42. Rc6 Rb2+ 43. Kg3 Rdd2 44. Rg1
Rd3 45. Re1 Rbb3 46. Rc7+ Kg6 47. Rf1 b5 48. Rc5 Ne4+ 49. Kh3 Nxc5 50. Kg2
Rd2+ 51. Kg1 Rbb2 52. Re1 Rg2+ 53. Kh1 Rh2+ 54. Kg1 Rbg2+ 55. Kf1 Rh1+ 56.
Kxg2 Rxe1 57. f4 gxf4 58. Kf2 Nd3+ 59. Kf3 Re3+ 60. Kg2 b4 61. Kf1 b3 62. g5
b2 63. Kg2 Ne5 64. Kh2 b1=Q 65. Kg2 Qc2+ 66. Kh1 Re1# {White checkmated} 0-1

[Event "ICCopen2016"]
[Site "Internet Chess Club"]
[Date "2016.06.04"]
[Round "9"]
[White "xavielhumilde"]
[Black "RussianCowboy"]
[Result "0-1"]
[ICCResult "White forfeits on time"]
[WhiteElo "1670"]
[BlackElo "2067"]
[Opening "Philidor: Improved Hanham variation"]
[ECO "B07"]
[NIC "PU.08"]
[Time "15:33:37"]
[TimeControl "180+0"]

1. e4 d6 2. d4 Nf6 3. Nc3 e5 4. Nf3 Nbd7 5. Bc4 Be7 6. O-O O-O 7. h3 c6 8.
a4 a5 9. Be3 Nb6 10. Bb3 Nfd7 11. dxe5 dxe5 12. Qe2 Qc7 13. Ba2 Nc5 14. Ng5
h6 15. Nf3 Ncxa4 16. Nxa4 Nxa4 17. Bxf7+ Rxf7 18. Rxa4 b5 19. Raa1 Be6 20.
Ne1 Raf8 21. Qh5 a4 22. Nd3 Bf6 23. Qg6 Kh8 24. Nc5 Bc8 25. Rad1 Re7 26. f4
Ree8 27. f5 Qf7 28. Qxf7 Rxf7 29. g3 Rff8 30. Kg2 Rd8 31. Nd3 Rfe8 32. Bb6
Rd7 33. Nc5 Rxd1 34. Rxd1 Kg8 35. Rd6 b4 36. Nxa4 Ba6 37. Nc5 Bb5 38. Nd7
Bg5 39. b3 Ra8 40. h4 Be7 41. Rd2 Ra6 42. Kf3 Kh7 43. Bc5 Bd8 44. Nxe5 Bc7
45. Ng6 Ra8 46. e5 Re8 47. e6 h5 48. e7 Bf1 49. Rd7 Ba5 50. Ra7 Bh3 51. Rxa5
Bxf5 52. Nf4 Bg4+ 53. Ke3 Kg8 54. Ra1 Kf7 55. Re1 g6 56. Kd4 Bf5 57. Ke5
Bxc2 58. Re2 Bxb3 59. Rd2 Ba4 60. Bxb4 Rxe7+ 61. Bxe7 Bb3
{White forfeits on time}
0-1

[Event "ICCopen2016"]
[Site "Internet Chess Club"]
[Date "2016.06.04"]
[Round "9"]
[White "victor22224444"]
[Black "yucatan3000"]
[Result "1-0"]
[ICCResult "Black resigns"]
[WhiteElo "2368"]
[BlackElo "1842"]
[Opening "Philidor: exchange variation"]
[ECO "C41"]
[NIC "KP.08"]
[Time "15:35:49"]
[TimeControl "180+0"]

1. e4 e5 2. Nf3 d6 3. d4 exd4 4. Nxd4 Be7 5. Nc3 Nf6 6. Bc4 O-O 7. Nde2 a6
8. Ng3 b5 9. Bb3 c5 10. Bd5 Nxd5 11. Nxd5 Be6 12. O-O Nc6 13. c3 Bf6 14.
Nxf6+ gxf6 15. Bh6 Re8 16. f4 Kh8 17. Nh5 Rg8 18. f5 Bc4 19. Rf3 Ne5 20. Rg3
Rxg3 21. hxg3 Ng6 22. Bg7+ Kg8 23. Bxf6 Qe8 24. Qg4 Bd3 25. Qg5 Bxe4 26. Qh6
Qf8 27. Bg7 {Black resigns} 1-0

[Event "ICCopen2016"]
[Site "Internet Chess Club"]
[Date "2016.06.04"]
[Round "9"]
[White "UltimateR3cruit"]
[Black "d13gocr"]
[Result "0-1"]
[ICCResult "White forfeits on time"]
[WhiteElo "1473"]
[BlackElo "1765"]
[Opening "Sicilian defense"]
[ECO "B20"]
[NIC "SI.48"]
[Time "15:33:25"]
[TimeControl "180+0"]

1. e4 c5 2. a3 e6 3. b4 cxb4 4. axb4 Bxb4 5. c3 Be7 6. d4 d6 7. Bd3 Qc7 8.
Nf3 Nf6 9. O-O O-O 10. Bb2 e5 11. Nbd2 Bg4 12. h3 Bxf3 13. Nxf3 a6 14. Rc1
Nc6 15. d5 Nb8 16. Ng5 Nbd7 17. f4 exf4 18. Rxf4 Ne5 19. Rh4 h6 20. Nf3 Qb6+
21. Kh1 Qxb2 22. Nxe5 dxe5 23. Qe1 Nxd5 24. Rg4 Nf4 25. Bc4 Rac8 26. Rb1 Qa3
27. Rb3 Qc5 28. Bd5 b5 29. Qg3 Bf6 30. c4 bxc4 31. Rb7 c3 32. Rxf7 Rxf7 33.
Bxf7+ Kxf7 34. Rxf4 exf4 35. Qxf4 c2 36. Qg4 c1=Q+ {White forfeits on time}
0-1

[Event "ICCopen2016"]
[Site "Internet Chess Club"]
[Date "2016.06.04"]
[Round "9"]
[White "Kjaan1974"]
[Black "kabindra"]
[Result "0-1"]
[ICCResult "White forfeits on time"]
[WhiteElo "1408"]
[BlackElo "1633"]
[Opening "Pirc defense"]
[ECO "B07"]
[NIC "PU.07"]
[Time "15:34:15"]
[TimeControl "180+0"]

1. d4 Nf6 2. Nc3 g6 3. e4 d6 4. Be3 Bg7 5. Bd3 O-O 6. Nge2 e5 7. d5 Nh5 8.
Qd2 Nf4 9. Nxf4 exf4 10. Bxf4 Re8 11. O-O-O Nd7 12. g4 Ne5 13. Bxe5 Bxe5 14.
f4 Bg7 15. f5 a6 16. fxg6 fxg6 17. h4 Bxg4 18. Rdg1 Bh5 19. Kb1 b5 20. Ne2
Qf6 21. c3 b4 22. Ng3 Bf3 23. Rf1 bxc3 24. bxc3 Rab8+ 25. Kc1 Qxc3+ 26. Qxc3
Bxc3 27. Rxf3 Rb2 28. Bc2 Be5 29. Ne2 Rxa2 30. Kd2 Rb8 31. Rhf1 Rbb2 32. Rc1
Bg7 33. Nf4 Bh6 34. Kc3 g5 35. Rg3 Rb6 36. hxg5 Bg7+ 37. Kd2 Bb2 38. Rb1 Be5
39. Rxb6 Bxf4+ 40. Kd3 cxb6 41. Rg4 Be5 42. g6 hxg6 43. Rxg6+ Kf7 44. Rg2 b5
45. Rf2+ Ke7 46. Rf5 b4 47. Bb3 Ra3 {White forfeits on time} 0-1